 Dungeon Crawl Stone Soup version 0.17.1-2-g5865329 (webtiles) character file.

53 xeno23 the Skirmisher (level 3, 0/30 HPs)
             Began as a Demonspawn Abyssal Knight on Feb 12, 2016.
             Was a Follower of Lugonu.
             Slain by an orc wizard
             ... wielding a +0 dagger
              (1 damage)
             ... on level 2 of the Dungeon.
             The game lasted 00:05:46 (2029 turns).

xeno23 the Skirmisher (Demonspawn Abyssal Knight)   Turns: 2029, Time: 00:05:46

Health: 0/30       AC:  7    Str: 13    XL:     3   Next: 64%
Magic:  5/5        EV:  9    Int: 13    God:    Lugonu [*.....]
Gold:   89         SH:  0    Dex: 12    Spells: 0 memorised, 2 levels left

rFire  . . .     SeeInvis .     a - +1 mace
rCold  . . .     Clarity  .     i - +0 scale mail
rNeg   . . .     SustAt   .     (no shield)
rPois  .         Gourm    .     (no helmet)
rElec  .         Spirit   .     (no cloak)
rCorr  +         Warding  .     (no gloves)
rMut   .         Stasis   .     (no boots)
MR     .....                    s - amulet of resist corrosion
Stlth  ..........               (no ring)
                                h - +1 ring of protection

@: not resistant to hostile enchantments, extremely unstealthy
A: powered by pain 1
a: Depart the Abyss, Renounce Religion


You were on level 2 of the Dungeon.
You worshipped Lugonu.
Lugonu was aware of your devotion.
You were hungry.

You visited 1 branch of the dungeon, and saw 3 of its levels.
You visited the Abyss 1 time.

You collected 89 gold pieces.

Inventory:

Hand Weapons
 a - a +1 mace (weapon)
 n - a +0 hunting sling
Missiles
 g - 20 bolts
 o - 72 stones (quivered)
 p - 18 poisoned needles
Armour
 i - a +0 scale mail (worn)
Jewellery
 h - a +1 ring of protection (left hand)
 s - an amulet of resist corrosion (around neck)
Scrolls
 d - 2 scrolls of amnesia {unknown}
 e - 2 scrolls of identify {unknown}
 j - a scroll of enchant weapon {unknown}
 k - a scroll of enchant armour {unknown}
 l - 2 scrolls of immolation {unknown}
 m - 2 scrolls of remove curse {unknown}
 q - a scroll of magic mapping {unknown}
 t - a scroll of recharging {unknown}
Potions
 b - a potion of might {unknown}
 f - 5 potions of curing
 r - a potion of agility {unknown}
Comestibles
 c - 5 bread rations


   Skills:
 * Level 3.7 Fighting
 * Level 2.5 Maces & Flails
 + Level 1.9 Armour
 + Level 1.1 Dodging
 + Level 2.9 Invocations


You had 2 spell levels left.
You didn't know any spells.

Dungeon Overview and Level Annotations

Branches:
Dungeon (3/15)

Altars:
Dithmenos


Innate Abilities, Weirdness & Mutations

You sometimes gain a little power by taking damage.


Message History

You hit the quokka.
You kill the quokka!
Lugonu accepts your kill.
Things that are here:
a club; a quokka corpse; a hobgoblin corpse You hit something.
Something hits you but does no damage.
You hear some strange, mumbled words.
You barely miss something.
You hear some strange, mumbled words.
A puff of flame appears from out of thin air!
The puff of flame misses you.
You hit something. Something hits you but does no damage.
You hear some strange, mumbled words.
A puff of flame appears from out of thin air!
The puff of flame hits you!
* * * LOW HITPOINT WARNING * * *
You take 10 damage.
Your scale mail prevents you from hitting something.
Something hits you.
You die...

.#.##.# #.# #.####.#####.#
.#.##.####.###.# #.# #.#
.#...........#.####.# #.#
.####.#####..#.##...# #.#
.# #.###.......#.### #.# .#
#.##..##....#.# #.# .#
#.#....##..>#.##### #.# .#
###..._.#...#.....###.# .#
#....##..{@.........#
.#######..##....#####.#####
.......##......># #.#
.##########..##.# #.# .#
##.##.# #.# .# #.##^# #.#
## #....# #)# ###..# #.#
#..# #.#####


There were no monsters in sight!

Vanquished Creatures
  An adder (D:2)
  2 worms (D:2)
  A giant gecko (D:2)
  4 giant cockroaches
  7 hobgoblins
  3 jackals (D:2)
  A quokka (D:2)
  3 bats
  2 giant newts (D:2)
  5 goblins
  3 kobolds (D:1)
  4 rats
36 creatures vanquished.

Notes
Turn   | Place    | Note
--------------------------------------------------------------
     0 | Abyss:1  | xeno23 the Demonspawn Abyssal Knight began the quest for the Orb.
     0 | Abyss:1  | Reached XP level 1. HP: 18/18 MP: 2/2
    64 | Abyss:1  | Noticed a large abomination
    78 | D:1      | Escaped the Abyss
   432 | D:1      | Reached * piety under Lugonu
   584 | D:1      | Reached skill level 1 in Dodging
   602 | D:1      | Gained mutation: You sometimes gain a little power by taking damage. [demonic ancestry]
   602 | D:1      | Reached XP level 2. HP: 24/24 MP: 3/3
   791 | D:1      | You fall through a shaft!
  1019 | D:2      | Found a faded altar to an unknown god.
  1092 | D:2      | Found a shadowy altar of Dithmenos.
  1233 | D:2      | Reached XP level 3. HP: 9/29 MP: 5/5
  2028 | D:2      | HP: 1/30 [something/puff of flame (10)]
  2029 | D:2      | Slain by an orc wizard

Action                   || total
-------------------------++-------
Melee: Mace              ||   153
Invok: Depart the Abyss  ||     1
  Use: Potion            ||     1
  Eat: Chunk             ||     3
